 Dungeon Crawl Stone Soup version 0.19.1 (webtiles) character file.

3619 Ice the Basher (level 9, -9/74 HPs)
             Began as a Minotaur Berserker on Dec 5, 2016.
             Was an Elder of Trog.
             Mangled by a mana viper (14 damage)
             ... on level 2 of the Abyss.
             The game lasted 00:30:57 (6157 turns).

Ice the Basher (Minotaur Berserker)                 Turns: 6157, Time: 00:30:58

Health: -9/74      AC:  9    Str: 21      XL:     9   Next: 86%
Magic:  0/8        EV: 13    Int:  4      God:    Trog [****..]
Gold:   69         SH:  0    Dex: 11 (14) Spells: 0 memorised, 8 levels left

rFire  . . .     SeeInvis .     E - +0 battleaxe
rCold  . . .     Gourm    .     d - +3 ring mail
rNeg   . . .     Faith    .     (shield currently unavailable)
rPois  .         Spirit   .     (helmet restricted)
rElec  .         Reflect  .     m - +0 cloak
rCorr  .         Harm     .     (no gloves)
MR     +....                    (no boots)
Stlth  ++........               (no amulet)
                                (no ring)
                                j - ring of protection from magic

@: exhausted, slowed, very slow
A: retaliatory headbutt, horns 2
a: Berserk, Trog's Hand, Brothers in Arms, Burn Spellbooks, Renounce Religion


You were on level 2 of the Abyss.
You worshipped Trog.
Trog was greatly pleased with you.
You were hungry.

You visited 1 branch of the dungeon, and saw 8 of its levels.
You visited the Abyss 1 time.

You collected 481 gold pieces.
You spent 412 gold pieces at shops.

Inventory:

Hand Weapons
 k - a +0 short sword
 r - a +0 shortbow
 E - a +0 battleaxe (weapon)
Missiles
 g - 21 poisoned needles
 i - 285 stones (quivered)
 q - 146 arrows
 w - 28 bolts
 G - 53 sling bullets
 I - 5 tomahawks
Armour
 d - a +3 ring mail (worn)
 m - a +0 cloak (worn)
Jewellery
 j - a ring of protection from magic (left hand)
 J - an uncursed ring of ice
Wands
 e - a wand of lightning (8/15)
 z - a wand of slowing (33/48)
 B - a wand of disintegration (6/24)
 M - a wand of disintegration (6/24)
Scrolls
 b - a scroll of fear
 s - a scroll of enchant armour {unknown}
 y - a scroll of magic mapping {unknown}
 A - a scroll of teleportation {unknown}
 C - 2 scrolls of remove curse {unknown}
 F - a scroll of noise {unknown}
 H - a scroll of blinking {unknown}
 N - a scroll of fog {unknown}
Potions
 a - 2 potions of brilliance {unknown}
 f - a potion of cancellation {unknown}
 h - 3 potions of agility
 l - 2 potions of haste
 o - 2 potions of curing
 u - a potion of berserk rage
 v - a potion of flight
 D - a potion of invisibility {unknown}
Comestibles
 c - 6 bread rations
 n - 4 beef jerkies
 p - 3 fruits
 t - 3 meat rations
 K - 7 slices of pizza


   Skills:
 - Level 5.2 Fighting
   Level 5.0 Long Blades
 - Level 7.2(9.1) Axes
   Level 8.5(9.7) Maces & Flails
 + Level 7.0 Bows
 - Level 2.4 Armour
 - Level 5.0 Dodging
 - Level 5.0 Stealth


You had 8 spell levels left.
You didn't know any spells.

Dungeon Overview and Level Annotations

Branches:
Dungeon (8/15)             Temple (0/1) D:6
   Lair: D:8-11

Altars:
Dithmenos
Hepliaklqana
Trog
Uskayaw

Shops:
D:6 *

Annotations:
D:3 1 runed door
D:8 Grum; Psyche; tinkerttoy's ghost, novice MiFi


Innate Abilities, Weirdness & Mutations

You reflexively headbutt those who attack you in melee.
You have a pair of horns on your head.


Message History

The mana viper bites you.
* * * LOW HITPOINT WARNING * * *
The thrashing horror misses you. The thrashing horror tramples you.
* * * LOW HITPOINT WARNING * * *
You hold your ground!
The thrashing horror barely misses you. x2; The mana viper bites you.
* * * LOW HITPOINT WARNING * * *
The mana viper bites you!
* * * LOW HITPOINT WARNING * * *
The thrashing horror closely misses you.
The thrashing horror tramples you but does no damage.
The thrashing horror barely misses you. The thrashing horror tramples you.
* * * LOW HITPOINT WARNING * * *
You hold your ground!
Okay, then.
Drop what? 39/52 slots (_ for help) (? for menu, Esc to quit)
You drop a book of Maledictions.
The thrashing horror tramples you but does no damage. x2
The mana viper bites you!
You die...

. . . .. ##. .# #
#....##.. . .S((... .
... # . #.#.
...##.####.# ..## #
#.#.##.#.# .# . .# #.
###.# #..##.#§# #
#...##.###.#.#
#...##... # #.....
..###..#### . #.
....#.#.....#S@####.##
. . . #.#
.#..#X##....... § ..
## ##..#.......#.#. .
. #.# #.###..##....
....# #.#
###.......#.#... . #..
#..#.#..# .#§ # #
#...#....#.D# # #
...#.# .##.. .# ..#
.###.. ##


You could see a quicksilver dragon (wandering), a thrashing horror and a mana
viper.

Vanquished Creatures
  A hippogriff (D:7)
  Prince Ribbit (D:5)
  4 hogs (D:7)
  A human (D:7)
  A hungry ghost (D:7)
  Duvessa (D:6)
  An orc warrior (D:7)
  An ice beast (D:6)
  2 sky beasts
  3 ogres
  A wolf (D:7)
  A centaur (D:7)
  3 bullfrogs
  2 scorpions (D:5)
  Dowan (D:6)
  3 howler monkeys
  A crimson imp (D:6)
  A quasit (Abyss:2)
  5 hounds
  A bullfrog skeleton (D:5)
  7 orc priests
  A jelly (D:7)
  3 orc wizards
  A centaur skeleton (D:5)
  6 worker ants
  2 iguanas
  A howler monkey zombie (D:5)
  9 adders
  7 gnolls
  An adder skeleton (D:5)
  A worm (D:2)
  2 dart slugs
  6 leopard geckos
  12 orcs
  6 bats
  7 giant cockroaches
  9 goblins
  6 hobgoblins
  7 jackals (D:3)
  4 quokkas
  2 ball pythons
  8 frilled lizards
  11 kobolds
  A leopard gecko zombie (D:7)
  7 rats
162 creatures vanquished.

Vanquished Creatures (others)
  2 fungi (D:4)
  A lurking horror (Abyss:2)
3 creatures vanquished.

Grand Total: 165 creatures vanquished

Notes
Turn   | Place    | Note
-------+----------+-------------------------------------------
     0 | D:1      | Ice the Minotaur Berserker began the quest for the Orb.
     0 | D:1      | Reached XP level 1. HP: 19/19 MP: 0/0
   149 | D:1      | Reached XP level 2. HP: 26/26 MP: 1/1
   674 | D:1      | Reached skill level 5 in Long Blades
   923 | D:1      | Reached ** piety under Trog
   953 | D:1      | Reached XP level 3. HP: 31/31 MP: 2/2
  1353 | D:2      | Reached XP level 4. HP: 18/39 MP: 3/3
  1592 | D:3      | Reached XP level 5. HP: 31/45 MP: 4/4
  1616 | D:3      | Reached skill level 5 in Dodging
  1722 | D:3      | Found a runed door.
  1957 | D:3      | Reached *** piety under Trog
  2657 | D:4      | Reached skill level 5 in Fighting
  2777 | D:4      | Noticed an ogre
  2782 | D:4      | Killed an ogre
  2782 | D:4      | Reached skill level 2 in Maces & Flails
  2782 | D:4      | Reached XP level 6. HP: 56/56 MP: 5/5
  2856 | D:4      | Reached skill level 3 in Maces & Flails
  2927 | D:4      | Reached skill level 4 in Maces & Flails
  3484 | D:5      | Entered Level 5 of the Dungeon
  3484 | D:5      | Found a hide-covered altar of Uskayaw.
  3487 | D:5      | Reached XP level 7. HP: 61/61 MP: 6/6
  3490 | D:5      | Noticed a hand axe
  3503 | D:5      | Reached skill level 1 in Stealth
  3504 | D:5      | Noticed a hand axe
  3539 | D:5      | Noticed Prince Ribbit
  3543 | D:5      | Killed Prince Ribbit
  3613 | D:5      | Found a shadowy altar of Dithmenos.
  3678 | D:5      | Reached **** piety under Trog
  3990 | D:5      | Reached XP level 8. HP: 68/68 MP: 7/7
  4106 | D:5      | Reached skill level 5 in Stealth
  4208 | D:6      | Noticed Duvessa
  4208 | D:6      | Noticed Dowan
  4218 | D:6      | Killed Dowan
  4218 | D:6      | Reached skill level 5 in Maces & Flails
  4232 | D:6      | Killed Duvessa
  4234 | D:6      | Reached skill level 6 in Maces & Flails
  4446 | D:6      | Found Xonir's Assorted Antiques.
  4485 | D:6      | Bought a potion of haste for 180 gold pieces
  4485 | D:6      | Bought a scroll of identify for 36 gold pieces
  4485 | D:6      | Bought a scroll of identify for 36 gold pieces
  4485 | D:6      | Bought a blackened glass wand for 72 gold pieces
  4485 | D:6      | Bought a murky purple potion for 16 gold pieces
  4485 | D:6      | Bought an encrusted fluorescent wand for 72 gold pieces
  4508 | D:6      | Found a staircase to the Ecumenical Temple.
  4550 | D:6      | Reached skill level 7 in Maces & Flails
  4626 | D:6      | Found a bloodstained altar of Trog.
  4757 | D:6      | Found a hazy altar of Hepliaklqana.
  5138 | D:7      | Reached skill level 8 in Maces & Flails
  5231 | D:7      | Reached XP level 9. HP: 45/74 MP: 8/8
  5289 | D:7      | Reached skill level 5 in Axes
  5438 | D:7      | Reached skill level 1 in Bows
  5814 | D:7      | Reached skill level 5 in Bows
  5960 | D:8      | Noticed tinkerttoy's ghost (novice MiFi)
  5967 | D:8      | Noticed Grum
  5985 | D:8      | HP: 3/74 [wolf[Grum] (5)]
  6046 | D:8      | Noticed Psyche
  6047 | D:8      | Cast into level 2 of the Abyss (Psyche)
  6069 | Abyss:2  | Noticed an efreet
  6136 | Abyss:2  | Noticed a thrashing horror
  6141 | Abyss:2  | Noticed a mana viper
  6157 | Abyss:2  | Mangled by a mana viper

Skill      XL: |  1  2  3  4  5  6  7  8  9 |
---------------+----------------------------+-----
Long Blades    | 4 5 |  5.0
Dodging        | 3 4 5 |  5.0
Fighting       | 5 |  5.2
Maces & Flails | 2 4 8 |  8.5
Stealth        | 4 5 |  5.0
Axes           | 4 7 |  7.2
Bows           | 7 |  7.0
Armour         | |  2.4

Action                   |  1- 3 |  4- 6 |  7- 9 || total
-------------------------+-------+-------+-------++-------
Melee: Falchion          |    41 |    32 |       ||    73
       Headbutt          |     5 |    19 |    43 ||    67
       Flail             |       |    96 |   108 ||   204
       Battleaxe         |       |       |   106 ||   106
 Fire: Shortbow          |       |       |    22 ||    22
Throw: Javelin           |    55 |    51 |    13 ||   119
       Stone             |     5 |    15 |   107 ||   127
Invok: Berserk           |       |     1 |     4 ||     5
  Use: Scroll            |     6 |       |     4 ||    10
       Potion            |       |       |     4 ||     4
  Eat: Chunk             |     1 |     7 |    15 ||    23
Armor: Ring mail         |    20 |    53 |   128 ||   201
Dodge: Dodged            |    26 |    84 |   215 ||   325
       Rpst.: Falchion   |     3 |     3 |       ||     6
